 Dungeon Crawl Stone Soup version 0.31-a0-16-g6d2539766c (webtiles) character file.

Game seed: 8590141245852173656

319 IdlyInterested the Trooper (level 6, -1/52 HPs)
             Began as a Demonspawn Wanderer on May 8, 2023.
             Slain by a goblin
             ... wielding a +3 dagger
             ... led by Robin
              (3 damage)
             ... on level 4 of the Dungeon.
             The game lasted 00:07:08 (2682 turns).

IdlyInterested the Trooper (Demonspawn Wanderer)    Turns: 2682, Time: 00:07:08

Health: -1/52      AC:  8    Str: 13    XL:     6   Next: 21%
Magic:  6/6        EV: 10    Int: 12    God:
Gold:   132        SH:  0    Dex: 15    Spells: 5/5 levels left

rFire   . . .        p - +2 war axe (elec)
rCold   . . .        (no shield)
rNeg    . . .        t - +0 ring mail
rPois   .            d - +0 helmet
rElec   .            (no cloak)
rCorr   .            (no gloves)
SInv    .            (no boots)
Will    .....        (no amulet)
Stlth   +            (no ring)
HPRegen 0.28/turn    (no ring)
MPRegen 0.10/turn

%: no passive effects
@: hasted, very quick
A: slimy green scales 1, demonic guardian 1, demonic touch 1
a: no special abilities


You were on level 4 of the Dungeon.
You visited 1 branch of the dungeon, and saw 4 of its levels.

You collected 132 gold pieces.

Inventory:

Hand Weapons
 a - a +2 dagger
 c - a +0 mace
 k - a +1 short sword of venom
 p - a +2 war axe of electrocution (weapon)
Missiles
 b - 2 curare-tipped darts
 h - 46 stones (quivered)
Armour
 d - a +0 helmet (worn)
 t - a +0 ring mail (worn)
Jewellery
 n - an amulet of faith
Wands
 f - a wand of digging (6)
 v - a wand of paralysis (9)
Scrolls
 e - 2 scrolls of fog
 g - a scroll of amnesia
 i - a scroll of teleportation
 j - a scroll of enchant armour {unknown}
 o - a scroll of vulnerability {unknown}
 r - a scroll of poison {unknown}
 u - a scroll of fear {unknown}
Potions
 m - a potion of resistance {unknown}
 q - a potion of might {unknown}
 s - a potion of brilliance


   Skills:
 * Level 6.2 Fighting
 - Level 2.6 Maces & Flails
 - Level 2.0 Throwing
 - Level 2.0 Armour
 + Level 1.3 Dodging
 - Level 1.0 Stealth
 - Level 1.0 Evocations


You had 5 spell levels left.
You didn't know any spells.
Your spell library contained the following spells:

 Spells                   Type           Power      Damage    Failure   Level
 Dazzling Flash           Conj/Hex       0%         N/A       91%         3
 Agony                    Necr           0%         N/A       100%        5
 Silence                  Hex/Air        0%         N/A       100%        5


Dungeon Overview and Level Annotations

Branches:
Dungeon (3/15)

Altars:

Annotations:
D:4 Robin


Innate Abilities, Weirdness & Mutations

You are partially covered in slimy green scales. (AC +2)
A weak demonic guardian rushes to your aid.
Your touch may inflict minor irresistible damage on your foes.


Message History

You closely miss the goblin.
You touch the goblin.
You kill the goblin!
You barely miss the goblin. You slash the goblin!
You kill the goblin!
Robin throws the goblin at you!
* * * LOW HITPOINT WARNING * * *
Unknown command.
You hit the goblin. Lightning courses through the goblin!
You kill the goblin!
You slash the goblin!
You kill the goblin!
You closely miss the goblin. x2; The goblin barely misses you.
The goblin hits you with a +0 dagger.
* * * LOW HITPOINT WARNING * * *
A demonic guardian appears!
You hit the hobgoblin.
You kill the hobgoblin!
You barely miss the goblin. You slash the goblin!
You kill the goblin!
You closely miss the goblin. The goblin hits you with a +0 club.
* * * LOW HITPOINT WARNING * * *
The goblin hits you but does no damage.
Your quasit bites the goblin.
Your quasit claws the goblin.
Your quasit closely misses the goblin.
You barely miss the goblin. Your touch misses the goblin.
The goblin is severely wounded.
You closely miss the goblin. You hit the goblin but do no damage.
Your quasit bites the goblin.
The goblin dies!
The goblin barely misses you. The goblin hits you with a +3 dagger.
* * * LOW HITPOINT WARNING * * *
You closely miss Robin. You hit the goblin.
You kill the goblin!
You completely miss the goblin.
Your quasit bites Robin but does no damage.
Your quasit claws Robin.
Your quasit claws Robin but does no damage.
Robin hits you with a +0 mace.
* * * LOW HITPOINT WARNING * * *
The goblin hits you with a +3 dagger.
You die...

##...### #.....##
#......###
........).)###
...........).###
.........#.)...###
.........###.....###
........## ###.....##
#........ ###@)..#
###............g)g....#
...... ........5......
###............
#####........ ##.......
....... .......


You could see Robin (ally target), a goblin (strong) and a friendly quasit
(summoned).

Vanquished Creatures
  Duvessa (D:4)
  Dowan (D:4)
  Ijyb (D:4)
  4 gnolls (D:3)
  4 adders
  2 dart slugs
  3 bats
  4 endoplasms
  A giant cockroach (D:3)
  10 goblins
  4 hobgoblins
  8 kobolds
  2 quokkas (D:3)
  5 ball pythons
  5 frilled lizards
  4 rats
59 creatures vanquished.

Vanquished Creatures (collateral kills)
  A goblin (D:4)
1 creature vanquished.

Grand Total: 60 creatures vanquished

Notes
Turn   | Place    | Note
-------+----------+-------------------------------------------
     0 | D:1      | IdlyInterested the Demonspawn Wanderer began the quest for
                  | the Orb.
     0 | D:1      | IdlyInterested set off with the following items: a +2
                  | dagger, 2 curare-tipped darts, a +0 mace, a +0 helmet, a
                  | scroll of fog, a +0 leather armour.
     0 | D:1      | Reached XP level 1. HP: 18/18 MP: 1/1
  1060 | D:2      | Found a faded altar of an unknown god.
  1071 | D:2      | Gained mutation: Your touch may inflict minor irresistible
                  | damage on your foes. [demonic ancestry]
  1071 | D:2      | Reached XP level 2. HP: 21/24 MP: 2/2
  1632 | D:3      | Reached skill level 1 in Dodging
  1632 | D:3      | Gained mutation: A weak demonic guardian rushes to your
                  | aid. [demonic ancestry]
  1632 | D:3      | Reached XP level 3. HP: 29/30 MP: 3/3
  1732 | D:3      | Reached skill level 4 in Fighting
  1780 | D:3      | Reached skill level 1 in Armour
  1780 | D:3      | Gained mutation: You are partially covered in slimy green
                  | scales. (AC +2) [demonic ancestry]
  1780 | D:3      | Reached XP level 4. HP: 24/38 MP: 4/4
  2498 | D:3      | You fall into a shaft and drop 1 floor!
  2642 | D:4      | Noticed Dowan
  2642 | D:4      | Noticed Ijyb
  2645 | D:4      | Noticed Duvessa
  2658 | D:4      | Killed Ijyb
  2659 | D:4      | Reached skill level 5 in Fighting
  2659 | D:4      | Reached XP level 5. HP: 13/44 MP: 5/5
  2662 | D:4      | Killed Duvessa
  2663 | D:4      | Reached skill level 6 in Fighting
  2665 | D:4      | Killed Dowan
  2666 | D:4      | Reached XP level 6. HP: 15/52 MP: 6/6
  2673 | D:4      | Noticed Robin
  2681 | D:4      | HP: 2/52 [goblin/+3 dagger[Robin] (4)]
  2682 | D:4      | Slain by a goblin

Illustrated notes

Levels and vault maps discovered:
D:1:      roderic_octagonal_star, layout_basic
D:2:      layout_basic, ebering_ecumenical_altar_hall, minmay_fractal_squares_5
D:3:      layout_basic, kennysheep_generic_room_4
D:4:      layout_cave_pods, portal_sewer_entry_d, uniq_duvessa, uniq_robin,
          uniq_ijyb, uniq_eustachio

Skill      XL: |  1  2  3  4  5 |
---------------+----------------+-----
Throwing       | 2 |  2.0
Dodging        | 1 |  1.3
Fighting       | 4 5 6 |  6.2
Armour         | 1 2 |  2.0
Maces & Flails | |  2.6
Stealth        | |  1.0
Evocations     | |  1.0

Action                     |  1- 3 |  4- 6 || total
---------------------------+-------+-------++-------
  Melee: Short sword       |    39 |       ||    39
         Mace              |     4 |       ||     4
         Punch             |     1 |       ||     1
         War axe           |    17 |    53 ||    70
         Touch             |     6 |     8 ||    14
    Use: Scroll            |     6 |     1 ||     7
         Potion            |       |     2 ||     2
 Armour: Leather armour    |    17 |       ||    17
         Ring mail         |     4 |    32 ||    36
  Dodge: Dodged            |    44 |    29 ||    73

Table legend: (Time is in decaauts)
 A = Elapsed time spent in this place.
 B = Non-inter-level travel time spent in this place.
 C = Inter-level travel time spent in this place.
 D = Time resting spent in this place.
 E = Time spent auto-exploring this place.
 F = Levels seen in this place.
 G = Mean time per level.
                   A        B        C        D        E       F      G
               +--------+--------+--------+--------+--------+-----+--------+
         Total |   2699 |   2341 |    358 |     54 |   1734 |   4 |  674.8 |
       Dungeon |   2699 |   2341 |    358 |     54 |   1734 |   4 |  674.8 |
               +--------+--------+--------+--------+--------+-----+--------+

Top non-repeatable levels by time:
     D:1: 925 daAuts
     D:3: 829 daAuts
     D:2: 759 daAuts
     D:4: 185 daAuts
